 Dungeon Crawl Stone Soup version 0.20.1-1-g8b1a95d (webtiles) character file.

38 vineage the Slasher (level 3, -2/28 HPs)
             Began as a Demonspawn Gladiator on Aug 28, 2017.
             Was an Initiate of Okawaru.
             Slain by an iguana (4 damage)
             ... on level 3 of the Dungeon.
             The game lasted 00:01:37 (1154 turns).

vineage the Slasher (Demonspawn Gladiator)          Turns: 1154, Time: 00:01:38

Health: -2/28      AC: 10    Str: 15    XL:     3   Next: 25%
Magic:  3/3        EV: 13    Int:  9    God:    Okawaru [......]
Gold:   131        SH:  0    Dex: 14    Spells: 2/2 levels left

rFire    . . .     SeeInvis .   a - +0 long sword
rCold    . . .     Gourm    .   (no shield)
rNeg     . . .     Faith    .   b - +0 leather armour
rPois    .         Spirit   .   c - +0 helmet
rElec    .         Reflect  .   (no cloak)
rCorr    .         Harm     .   (no gloves)
MR       .....                  (no boots)
Stlth    +.........             (no amulet)
Regen    0.1/turn               (no ring)
MPRegen  0.1/turn               (no ring)

@: sanguine armour
A: sanguine armour 1
a: Renounce Religion


You were on level 3 of the Dungeon.
You worshipped Okawaru.
Okawaru was noncommittal.
You were hungry.

You visited 1 branch of the dungeon, and saw 3 of its levels.

You collected 131 gold pieces.

Inventory:

Hand Weapons
 a - a +0 long sword (weapon)
Missiles
 d - 3 throwing nets (quivered)
Armour
 b - a +0 leather armour (worn)
 c - a +0 helmet (worn)
Jewellery
 t - a cursed -3 ring of protection {unknown}
Scrolls
 e - 2 scrolls of identify {unknown}
 g - a scroll of fog {unknown}
 h - 2 scrolls of enchant weapon {unknown}
 i - a scroll of amnesia {unknown}
 k - 2 scrolls of fear {unknown}
 n - 2 scrolls of immolation {unknown}
 q - 2 scrolls of remove curse {unknown}
 r - a scroll of magic mapping {unknown}
 s - 2 scrolls of teleportation {unknown}
 u - a scroll of noise {unknown}
Potions
 l - a potion of haste {unknown}
 m - 2 potions of brilliance {unknown}
 o - a potion of heal wounds {unknown}
 p - a potion of cancellation {unknown}
 v - a potion of mutation {unknown}
 w - a potion of berserk rage {unknown}
Comestibles
 f - 4 bread rations
 j - 2 meat rations


   Skills:
 + Level 2.4 Fighting
 + Level 3.2 Long Blades
 + Level 1.8 Throwing
 + Level 0.6 Armour
 + Level 3.1 Dodging


You had 2 spell levels left.
You didn't know any spells.

Dungeon Overview and Level Annotations

Branches:
Dungeon (3/15)

Altars:
Okawaru
The Shining One


Innate Abilities, Weirdness & Mutations

When seriously injured, your bleeding wounds create armour. (AC +6)


Message History

There is a stone staircase leading up here.
You closely miss the iguana.
The iguana hisses angrily.
The iguana bites you!
Your blood congeals into armour.
You closely miss the iguana. The iguana misses you.
You hit the iguana but do no damage.
Your blood armour dries and flakes away.
The iguana completely misses you.
You hit the iguana.
The iguana is moderately wounded.
The orc hits you but does no damage. The iguana bites you!
* * * LOW HITPOINT WARNING * * *
Your blood congeals into armour.
The orc hits you.
* * * LOW HITPOINT WARNING * * *
The iguana misses you.
You riposte.
You hit the iguana.
The iguana is severely wounded.
The orc hits you.
* * * LOW HITPOINT WARNING * * *
The iguana bites you.
You die...

# # #. .# #. .#
# #.###.#.#
#.#.#.......#
#.......l.###
#@....#
#..$o.$.....#
...............
..###.###.##...
#. .. .. ## .#.
. #.. ..


You could see an iguana and an orc.

Vanquished Creatures
  An adder (D:2)
  An ooze (D:2)
  4 bats
  A goblin (D:2)
  3 hobgoblins (D:1)
  7 kobolds
  A quokka (D:2)
  3 frilled lizards (D:2)
  4 rats
25 creatures vanquished.

Notes
Turn   | Place    | Note
-------+----------+-------------------------------------------
     0 | D:1      | vineage the Demonspawn Gladiator began the quest for the Orb.
     0 | D:1      | Reached XP level 1. HP: 16/16 MP: 1/1
   106 | D:1      | Gained mutation: When seriously injured, your bleeding wounds create armour. (AC +6) [demonic ancestry]
   106 | D:1      | Reached XP level 2. HP: 21/22 MP: 2/2
   500 | D:2      | Found an iron altar of Okawaru.
   523 | D:2      | Became a worshipper of Warmaster Okawaru
   625 | D:2      | Found a glowing golden altar of the Shining One.
   958 | D:2      | Reached XP level 3. HP: 25/28 MP: 3/3
  1154 | D:3      | Slain by an iguana

Skill      XL: |  1  2 |
---------------+-------+-----
Dodging        | 3 |  3.1
Long Blades    | 3 |  3.2
Fighting       | |  2.4
Throwing       | |  1.8
Armour         | |  0.6

Action                   || total
-------------------------++-------
Melee: Long sword        ||    83
Armor: Leather armour    ||    25
Dodge: Dodged            ||    64
       Rpst.: Long sword ||    22
